 Dungeon Crawl Stone Soup version 0.30.0-30-g96aa6591b8 (webtiles) character file.

Game seed: 8772728744711483528

93 monsoonserge the Insei (level 4, 0/32 HPs)
             Began as a Demonspawn Transmuter on June 26, 2023.
             Killed by divine providence
             ... invoked by an orc priest
              (11 damage)
             ... on level 3 of the Dungeon.
             The game lasted 00:07:37 (1690 turns).

monsoonserge the Insei (Demonspawn Transmuter)      Turns: 1690, Time: 00:07:38

Health: 0/32       AC:  7    Str: 10    XL:     4   Next: 36%
Magic:  6/7        EV: 15    Int: 17    God:
Gold:   218        SH:  5    Dex: 13    Spells: 3/7 levels left

rFire   + + .        q - +9 flail of the Skies Above {freeze, rF++ Stlth-}
rCold   . . .        (no shield)
rNeg    . . .        c - +0 ring mail
rPois   +            (helmet currently unavailable)
rElec   .            (no cloak)
rCorr   .            (no gloves)
SInv    .            v - melded +0 pair of boots
Will    .....        u - amulet of reflection Stlth
                     f - ring of poison resistance
HPRegen 0.25/turn    s - +5 ring of evasion
MPRegen 0.10/turn

%: reflection
@: appendages
A: talons 2, antennae 1, yellow scales 1
a: End Transformation


You were on level 3 of the Dungeon.
You had temporarily grown beastly talons.
You visited 1 branch of the dungeon, and saw 3 of its levels.

You collected 218 gold pieces.

Inventory:

Hand Weapons
 q - the +9 flail of the Skies Above (weapon) {freeze, rF++ Stlth-}
   (You found it on level 2 of the Dungeon)

   rF:        It greatly protects you from fire.
   Stlth:     It makes you less stealthy.
Missiles
 m - 3 datura-tipped darts
Armour
 a - a +0 robe
 c - a +0 ring mail (worn)
 d - a +0 plate armour
 e - a +0 scale mail
 g - a +0 leather armour
 r - a +0 chain mail
 v - a +0 pair of boots (melded)
Jewellery
 f - a ring of poison resistance (left hand)
 k - a +6 ring of dexterity
 s - a +5 ring of evasion (right hand)
 u - an amulet of reflection (around neck)
 w - an amulet of faith
Scrolls
 h - 3 scrolls of immolation {unknown}
 i - a scroll of enchant armour {unknown}
 l - 3 scrolls of enchant weapon {unknown}
 n - 2 scrolls of identify {unknown}
 o - a scroll of summoning {unknown}
 t - a scroll of brand weapon {unknown}
 x - a scroll of teleportation {unknown}
Potions
 b - 2 potions of lignification
 j - a potion of brilliance {unknown}
 p - a potion of might {unknown}
 z - 2 potions of resistance {unknown}
 A - a potion of ambrosia {unknown}


   Skills:
 + Level 1.2 Fighting
 * Level 0.8 Maces & Flails
 * Level 1.8 Armour
 - Level 2.0 Dodging
 + Level 0.1 Stealth
 + Level 3.6 Unarmed Combat
 - Level 2.0 Spellcasting
 - Level 2.0 Transmutations
 - Level 0.1 Poison Magic


You had 3 spell levels left.
You knew the following spells:

 Your Spells              Type           Power      Damage    Failure   Level
a - Beastly Appendage     Tmut           16%        N/A       22%         1
b - Spider Form           Tmut/Pois      5%         N/A       67%         3

Your spell library contained the following spells:

 Spells                   Type           Power      Damage    Failure   Level
 Wereblood                Tmut           8%         N/A       32%         2
 Lesser Beckoning         Tloc           2%         N/A       58%         2
 Gell's Gravitas          Tloc           1%         N/A       82%         3
 Teleport Other           Tloc           1%         N/A       82%         3
 Ice Form                 Ice/Tmut       5%         N/A       97%         4


Dungeon Overview and Level Annotations

Branches:
Dungeon (3/15)

Altars:
Kikubaaqudgha


Innate Abilities, Weirdness & Mutations

You have temporarily grown beastly talons.
You have a pair of small antennae on your head.
You are partially covered in yellow scales. (AC +2)


Message History

The adder hisses angrily.
You hit the orc. You freeze the orc.
You kill the orc!
The orc priest calls down the wrath of Beogh upon you.
Beogh smites you! The orc closely misses you. The orc barely misses you.
You closely miss the orc. The orc misses you.
You sock the orc! You freeze the orc.
You kill the orc!
The orc priest calls down the wrath of Beogh upon you.
Beogh smites you!
* * * LOW HITPOINT WARNING * * *
Unknown command.
Things that are here:
a +0 short sword; a +0 scale mail; an orc corpse
Casting: Beastly Appendage (safe; 22% risk of failure)
Confirm with . or Enter, or press ? or * to list all spells.
You miscast Beastly Appendage.
You are very lightly contaminated with residual magic.
Nothing appears to happen.
You block the orc's attack.
You closely miss the orc. The orc barely misses you.
You block the orc's attack.
You closely miss the orc. The orc barely misses you.
You closely miss the orc. You block the orc's attack.
You hit the orc. You freeze the orc.
The orc is almost dead.
The orc closely misses you. The orc hits you but does no damage.
The orc priest begins to cast a cantrip, but forgets the words!
You hit the orc. You freeze the orc.
You kill the orc!
You block the adder's attack.
Your magical contamination has completely faded away.
Casting: Beastly Appendage (safe; 22% risk of failure)
Confirm with . or Enter, or press ? or * to list all spells.
Your feet morph into talons.
Your +0 pair of boots melds into your body.
The adder bites you but does no damage. The adder barely misses you.
You barely miss the adder. Your kick misses the adder.
The orc priest calls down the wrath of Beogh upon you.
Beogh smites you!
You die...

. . ... ####...
.....#####.......
.?....oS...# ..
#..#####@.###... #.
###........ #.
##.....##### .#####
.##..#..## .....
....#...#
#..####.###.###
######).........# ##
.........##.###.##...#
#....................#


You could see an orc priest and an adder.

Vanquished Creatures
  2 adders (D:2)
  3 dart slugs
  3 orcs (D:3)
  5 ball pythons
  11 endoplasms
  3 giant cockroaches
  8 goblins
  5 hobgoblins
  4 jackals (D:1)
  2 quokkas
  2 bats (D:1)
  2 frilled lizards (D:1)
  2 kobolds
  3 rats
55 creatures vanquished.

Notes
Turn   | Place    | Note
-------+----------+-------------------------------------------
     0 | D:1      | monsoonserge the Demonspawn Transmuter began the quest for
                  | the Orb.
     0 | D:1      | Reached XP level 1. HP: 15/15 MP: 3/3
    75 | D:1      | Reached skill level 3 in Unarmed Combat
   191 | D:1      | Gained mutation: You are partially covered in yellow
                  | scales. (AC +2) [demonic ancestry]
   191 | D:1      | Reached XP level 2. HP: 6/21 MP: 3/5
   194 | D:1      | HP: 1/21 [frozen (5)]
   481 | D:1      | Reached XP level 3. HP: 25/26 MP: 6/6
   812 | D:2      | Reached skill level 1 in Armour
  1024 | D:2      | Learned a level 3 spell: Spider Form
  1060 | D:2      | Identified the +9 flail of the Skies Above {freeze, rF++
                  | Stlth-}
  1250 | D:2      | Gained mutation: You have a pair of small antennae on your
                  | head. [demonic ancestry]
  1250 | D:2      | Reached XP level 4. HP: 32/32 MP: 7/7
  1436 | D:3      | Found a faded altar of an unknown god.
  1544 | D:3      | Found an ancient bone altar of Kikubaaqudgha.
  1690 | D:3      | Killed from afar by an orc priest

Illustrated notes

Levels and vault maps discovered:
D:1:      amcnicky_arrival_choice, layout_rooms
D:2:      layout_rooms
D:3:      layout_rooms, kiku_gazebo_garden_becter,
          nicolae_elyvilon_peaceful_grove,
          chequers_ecumenical_altar_simple_redux

Skill      XL: |  1  2  3  4 |
---------------+-------------+-----
Unarmed Combat | 3 |  3.6
Transmutations | 2 |  2.0
Armour         | 1 |  1.8
Dodging        | 2 |  2.0
Fighting       | |  1.2
Maces & Flails | |  0.8
Stealth        | |  0.1
Spellcasting   | |  2.0
Poison Magic   | |  0.1

Action                     |  1- 3 |  4- 6 || total
---------------------------+-------+-------++-------
  Melee: Unarmed           |   111 |       ||   111
         Headbutt          |    11 |       ||    11
         Kick              |     9 |       ||     9
         Punch             |     3 |       ||     3
         Flail             |     9 |    28 ||    37
   Cast: Beastly Appendage |    15 |     5 ||    20
 Armour: Robe              |    17 |       ||    17
         Leather armour    |    26 |     3 ||    29
         Ring mail         |       |     2 ||     2
  Dodge: Dodged            |    75 |    25 ||   100
  Block: Other             |       |     4 ||     4
